[Event "Valenciana Championship 2022"]
[Site "Alcossebre"]
[Date "2022.06.16"]
[Round "7.1"]
[White "Carbonell Sancho, Marc"]
[Black "Cruz Lledo, Pablo"]
[Result "0-1"]
[ECO "B12"]
[WhiteElo "2269"]
[BlackElo "2435"]
[Annotator "TA"]
[PlyCount "94"]
[EventDate "2022.06.13"]
[EventType "tourn"]
[EventCountry "ESP"]
[SourceTitle "playchess.com"]
[Source "ChessBase"]
[SourceQuality "1"]
[TimeControl "5400+30"]

1. e4 c6 2. d4 d5 3. e5 Na6 4. Nf3 g6 5. a3 Bg7 6. c4 {[%emt 0:00:10] B12: Caro-Kann: Advance Variation.} Nc7 7. Nc3 {[%emt 0:00:19] [#]} Be6 $146 ({Predecessor:} 7... Nh6 8. h3 f6 9. exf6 exf6 10. Be2 O-O 11. O-O Be6 12. c5 Qd7 13. Bf4 Nf7 {½-½ (23) Leconte,J (2250)-Akl,N Paris 1994}) 8. cxd5 {[%emt 0:03:11] White is slightly better.} Bxd5 9. Nxd5 Qxd5 10. Qc2 Nh6 11. Bc4 Qd7 12. Bd2 Nf5 13. Qe4 O-O-O 14. Bc3 e6 15. O-O Kb8 16. a4 Bf8 17. Rfd1 Be7 18. h4 h6 19. Be1 Nd5 20. b4 (20. Ba5 $11 {remains equal.}) 20... Bxb4 $17 {[%emt 0:08:23] Black is more active.} 21. Bxb4 Nxb4 {[%emt 0:00:03] Pair of Knights!} 22. a5 Nd5 23. Rd3 {[%emt 0:02:49] Prevents Nc3.} a6 24. Rb1 {[%emt 0:05:56] Black must now prevent Bxa6.} Nc7 25. Bxa6 $2 Nxa6 $19 26. Rdb3 b5 $2 (26... Ka7 $19 {Strongly threatening ...Rb8.} 27. Rxb7+ Qxb7 28. Rxb7+ Kxb7) 27. axb6 $11 Kb7 28. Ra3 Ra8 (28... Nxd4 29. Nxd4 Qxd4 30. Qe2 $16 (30. Qf3 Rd5 $11)) 29. g4 $1 Ne7 (29... Rhg8 $1 $11) 30. Nd2 $1 $18 {[%emt 0:01:45] And now Nc4 would win.} Qd5 {[%emt 0:00:14] Prevents Nc4.} (30... Nc5 $2 31. Qe3 $16) 31. Qd3 $2 (31. Qf4 $1 $18) 31... Rhd8 $11 32. Nc4 Qxd4 (32... Nc5 $2 33. Ra7+ Rxa7 34. bxa7+ Kc7 35. Qc3 $18) 33. Qe2 (33. Nd6+ $2 Rxd6 $1 34. exd6 Qxg4+ 35. Kf1 Nd5 $19) 33... h5 34. Nd6+ Rxd6 35. exd6 Nd5 {[%emt 0:00:06] aiming for ...Nc3.} (35... Qxd6 36. Rba1 Qd4 37. Rxa6 Qxa1+ 38. Rxa1 Rxa1+ 39. Kh2 $16) 36. Rba1 $2 ({Not} 36. gxh5 $2 Nc3 37. Rxc3 Qxc3 $19) (36. d7 $1 $11 {and White has nothing to worry.} Ndb4 37. Rd1 (37. gxh5 $2 gxh5 38. Rg3 Qxh4 $19) 37... Qxb6 38. Rb1) 36... Ndb4 $1 $19 ({Resist} 36... Qxb6 37. Rxa6 $1 Rxa6 38. Qxa6+ Qxa6 39. Rxa6 $16) ({Weaker is} 36... Qxg4+ 37. Qxg4 hxg4 38. Rxa6 $1 Rxa6 39. Rxa6 Nxb6 40. Ra3 $11) 37. d7 $2 (37. Rb1) 37... Qxg4+ {[%emt 0:02:40] Black is clearly winning.} 38. Qxg4 hxg4 39. Rd1 {[%emt 0:00:11] [#]} Rd8 $1 40. f3 g3 41. Kg2 Kxb6 42. Kxg3 Nd5 43. h5 gxh5 {[%emt 0:00:12] ...c5 is the strong threat.} 44. Rh1 Rxd7 45. Rxh5 c5 46. Rh1 c4 47. Kf2 Nab4 {[%emt 0:00:29] Weighted Error Value: White=0.47/Black=0.19 (very precise)} 0-1

[Event "Valenciana Championship 2022"]
[Site "Alcossebre"]
[Date "2022.06.16"]
[Round "7.2"]
[White "Navarro Molina, Carmelo Jose"]
[Black "Valmana Canto, Jaime"]
[Result "0-1"]
[ECO "E63"]
[WhiteElo "1834"]
[BlackElo "2392"]
[Annotator "TA"]
[PlyCount "76"]
[EventDate "2022.06.13"]
[EventType "tourn"]
[EventCountry "ESP"]
[SourceTitle "playchess.com"]
[Source "ChessBase"]
[SourceQuality "1"]
[TimeControl "5400+30"]

1. d4 Nf6 2. c4 g6 3. g3 Bg7 4. Bg2 O-O 5. Nc3 d6 6. Nf3 Nc6 7. O-O a6 {[%emt 0:00:18] 7...e5 gains popularity.} 8. Qd3 Rb8 {[%emt 0:08:35] E63: King's Indian: Fianchetto: Panno Variation with 7...a6.} 9. d5 Na7 10. Be3 c5 {[%emt 0:00:26] White is slightly better.} 11. dxc6 Nxc6 {[%emt 0:01:02] [#]} 12. Rac1 $146 ({Predecessor:} 12. Nd4 Ne5 13. Qc2 Nxc4 14. Bg5 Ne5 15. Rfd1 h6 16. Bxf6 Bxf6 17. Nd5 Bg7 18. h3 {0-1 (42) Matveeva,O (2168)-Vujcic,M (1987) Chess.com INT 2022}) 12... Ng4 (12... b5 $5) 13. Qd2 Nxe3 14. Qxe3 Be6 15. b3 Qa5 16. Qd2 Rfd8 17. Nd5 {[%emt 0:04:01][%cal Od5e7] [#] Nxe7+! is the strong threat.} Qxd2 18. Nxd2 Kf8 19. e3 Ne5 20. Nf4 Bd7 21. Nf3 Nxf3+ 22. Bxf3 e6 23. Rfd1 Ke7 24. Kf1 Rdc8 25. Nd3 Rc7 26. a4 Rbc8 27. Ke2 Be8 28. h4 h6 29. Rh1 {[%emt 0:01:57] [#]} (29. Bg2 $11 {remains equal.}) 29... Kd8 (29... b5 $1 $17 30. cxb5 axb5) 30. Rhd1 $11 b5 31. axb5 axb5 32. c5 $1 b4 33. Nxb4 Bb5+ 34. Ke1 Rxc5 35. Rxc5 Rxc5 36. Nd3 ({Avoid the trap} 36. Rxd6+ $2 Ke7 37. Rd4 Bxd4 38. exd4 Rc1+ 39. Bd1 Rb1 $19) (36. Na2 $1 $15) 36... Rc2 $17 37. Be2 Ke7 {[%emt 0:02:07] Black is more active.} 38. Rc1 $2 (38. Rb1 $17) 38... Bxd3 {[%emt 0:10:24] Weighted Error Value: White=0.41/Black=0.09 (flawless)} 0-1

[Event "Valenciana Championship 2022"]
[Site "Alcossebre"]
[Date "2022.06.16"]
[Round "7.3"]
[White "Luque Saiz, Andres"]
[Black "Jordan Martinez, David"]
[Result "1-0"]
[ECO "C54"]
[WhiteElo "2273"]
[BlackElo "2154"]
[Annotator "TA"]
[PlyCount "111"]
[EventDate "2022.06.13"]
[EventType "tourn"]
[EventCountry "ESP"]
[SourceTitle "playchess.com"]
[Source "ChessBase"]
[SourceQuality "1"]
[TimeControl "5400+30"]

1. e4 e5 2. Nf3 Nc6 3. Bc4 Nf6 4. d3 Bc5 5. O-O d6 6. c3 O-O 7. Nbd2 a6 8. Bb3 h6 9. h3 Ba7 10. Re1 Nh5 {[%emt 0:02:06] 10...Nh5 was played by the boomers.} 11. Nf1 Qf6 12. Be3 Bxe3 {[%emt 0:00:22] C54: Giuoco Piano: 4 c3 Nf6, main lines with 5 d4 and 5 d3.} 13. Nxe3 Nf4 14. Nd5 Nxd5 {[%emt 0:00:15] The position is equal.} 15. exd5 Ne7 16. d4 Ng6 17. dxe5 dxe5 18. Bc2 Bf5 19. Bxf5 Qxf5 20. Qb1 {[%emt 0:00:04] [#]} Qh5 $146 ({Predecessor:} 20... Qf6 21. c4 Rae8 22. Qc2 c6 23. Rad1 cxd5 24. Rxd5 e4 25. Rxe4 Rxe4 26. Qxe4 Qxb2 27. Rd2 Qb4 28. Rd7 b5 29. Rd4 Qb2 30. cxb5 {½-½ (30) Dragun,K (2599)-Sevian,S (2603) Varadero 2016}) 21. Kh2 {[%emt 0:06:43] Hoping for g4.} Nh4 $1 22. Nxh4 Qxh4 23. Qf5 Rae8 24. Re4 Qg5 25. Qxg5 hxg5 $14 {[%emt 0:00:02][%mdl 4096] Endgame KRR-KRR} 26. Rd1 f6 27. Rb4 Rb8 28. d6 c6 ({But not} 28... cxd6 29. Rxd6 a5 30. Rb5 $16) 29. Rb6 Rfd8 30. c4 Rd7 31. c5 Kf7 32. a4 (32. Kg3 $14) 32... Ke6 (32... a5 $11) 33. Kg3 (33. a5 $1 $16) 33... Rh8 34. Rb4 Rb8 (34... a5 $11 35. Rc4 Rb8) 35. Kf3 {[%emt 0:01:41] White is more active.} (35. a5 $1 $16) 35... Rh8 {[%emt 0:00:57] Inhibits h4.} (35... a5 $11 {remains equal.} 36. Rb3 Rh8) 36. Ke3 ({White should play} 36. a5 $16) 36... g6 (36... a5 $1 $11 37. Rb6 Rh4) 37. f3 (37. a5 $14) 37... a5 $1 $11 38. Rc4 Rh4 (38... Rb8 $11) 39. Rxh4 $16 gxh4 {[%emt 0:00:01] KR-KR} 40. Rd3 (40. f4 $1 $16) 40... f5 41. Kd2 g5 42. Kc3 Rg7 $2 (42... Rd8 $1 $14) 43. Rd1 $2 (43. b4 $1 $18 ) 43... Rd7 $2 {[%emt 0:00:36][%mdl 8192] [#]} ({Better is} 43... Rg8 $1 $14) 44. Kc4 $2 (44. b4 $1 $18) 44... Rd8 $14 45. Rg1 (45. b3 $14) 45... Rb8 $1 $11 46. Rd1 (46. b4 $11) 46... Rd8 $1 $14 47. Re1 Rd7 $2 {[%emt 0:00:00] [#]} ({Black should try} 47... Rb8 $14) 48. b4 $1 $18 axb4 49. Kxb4 {[%emt 0:00:03] Strongly threatening Ka5.} Kd5 $2 (49... Rd8 50. Ka5 Re8) 50. Rd1+ {[%emt 0:00:03] White is clearly winning.} Ke6 51. Ka5 e4 52. fxe4 fxe4 53. Kb6 Ke5 54. a5 e3 55. a6 e2 56. Re1 {[%emt 0:00:06] Weighted Error Value: White=0.37/Black=0.52} 1-0